 Dungeon Crawl Stone Soup version 0.16-a0-3215-g5dfac0e (webtiles) character file.

8 PolkaDot the Caller (level 2, -2/21 HPs)
             Began as a Vampire Summoner on Dec 20, 2014.
             Slain by a quokka (3 damage)
             ... on level 1 of the Dungeon.
             The game lasted 00:02:16 (809 turns).

PolkaDot the Caller (Vampire Summoner)               Turns: 809, Time: 00:02:17

Health: -2/21      AC:  3    Str:  7    XL:     2   Next: 0%
Magic:  0/4        EV: 12    Int: 17    God:
Gold:   61         SH:  0    Dex: 14    Spells: 1 memorised, 4 levels left

rFire  . . .     SeeInvis +     (no weapon)
rCold  . . .     Clarity  .     a - +0 robe
rNeg   + . .     SustAb   .     (no shield)
rPois  .         Gourm    .     (no helmet)
rElec  .         Spirit   .     e - +0 cloak
rCorr  .         Warding  .     (no gloves)
rMut   .         Stasis   .     (no boots)
MR     .....                    (no amulet)
Stlth  ++........               (no ring)
                                (no ring)

@: very slightly contaminated, hasted, very quick, not resistant to hostile
enchantments, unstealthy
A: bottle blood, fangs 3, see invisible, unbreathing
a: no special abilities


You were on level 1 of the Dungeon.
You were not thirsty.

You visited 1 branch of the dungeon, and saw 2 of its levels.

You collected 61 gold pieces.

Inventory:

Missiles
 l - 2 curare-tipped needles
Armour
 a - a +0 robe (worn)
 e - a +0 cloak (worn)
Scrolls
 f - a scroll of blinking {unknown}
 g - a scroll of recharging {unknown}
 h - 2 scrolls of enchant armour {unknown}
 i - a scroll of identify {unknown}
 j - a scroll of random uselessness {unknown}
 k - a scroll of fear {unknown}
Books
 b - a book of Callings

   Spells                             Type                      Level
   a - Summon Small Mammal            Summoning                    1
   b - Call Imp                       Summoning                    2
   c - Call Canine Familiar           Summoning                    3
   d - Summon Guardian Golem          Hexes/Summoning              4
   e - Summon Lightning Spire         Summoning/Air                4
   f - Summon Ice Beast               Ice/Summoning                4


   Skills:
 * Level 1.0 Fighting
 - Level 2.1 Dodging
 - Level 3.0 Stealth
 - Level 2.0 Spellcasting
 + Level 4.1 Summonings


You had 4 spell levels left.
You knew the following spells:

 Your Spells              Type           Power        Failure   Level  Hunger
z - Summon Small Mammal   Summ           ###.         3%          1    #......


Dungeon Overview and Level Annotations

Branches:
Dungeon (2/15)

Altars:


Innate Abilities, Weirdness & Mutations

You can bottle blood from corpses.
You have razor-sharp teeth.
You have supernaturally acute eyesight.
You can survive without breathing.


Message History

You barely miss the quokka.
The quokka is severely wounded.
Your bat closely misses the quokka. x2
The quokka bites you.
* * * LOW HITPOINT WARNING * * *
You hit the quokka but do no damage.
The quokka is severely wounded.
Your bat closely misses the quokka.
Your bat completely misses the quokka.
Your rat closely misses the quokka.
The quokka barely misses you.
You hit the quokka but do no damage.
The quokka is severely wounded.
Your bat closely misses the quokka. x2
The quokka bites you but does no damage.
You closely miss the quokka.
The quokka is severely wounded.
Your bat closely misses the quokka.
Your rat bites the quokka.
You hit the quokka but do no damage.
The quokka is almost dead.
The quokka bites you.
You die...

####.....##.#..#....# #...
#........##.#.##....# ##...
#.#......##.#.##....###....
#.#.......#.#..'....##....#
#.##......#..###....##[.#.#
#..+......##.# ####.##..#.#
####.........# #.....#.#
##'######## #####.... #.#..b@#
#...# #.#.##r# #...#
#.#..#r############...#
##########+##.#>................
#...........#.#.######...###.###
#...........#.#......'..........
#...........#.....####........##
##..........#.....# #........##
#..(.............# #.......(#


You could see a quokka, a friendly bat and a friendly rat.

Vanquished Creatures
  A bat (D:1)
  2 giant cockroaches (D:1)
  A giant gecko (D:1)
  A giant newt (D:1)
  A goblin (D:1)
  A kobold (D:1)
  A rat (D:1)
8 creatures vanquished.

Vanquished Creatures (collateral kills)
  A hobgoblin (D:1)
  A goblin (D:1)
  A rat (D:1)
3 creatures vanquished.

Grand Total: 11 creatures vanquished

Notes
Turn   | Place    | Note
--------------------------------------------------------------
     0 | D:1      | PolkaDot, the Vampire Summoner, began the quest for the Orb.
     0 | D:1      | Reached XP level 1. HP: 13/13 MP: 3/3
   553 | D:1      | Reached skill level 1 in Fighting
   796 | D:1      | Reached XP level 2. HP: 7/21 MP: 1/4
   805 | D:1      | HP: 1/21 [quokka (2)]
   809 | D:1      | Slain by a quokka

Action                   || total
-------------------------++-------
Melee: Unarmed           ||    53
 Cast: Summon Small Mamm ||    13
  Use: Potion            ||     3
 Stab: Sleeping          ||     4
  Eat: Corpse            ||     2
